Map: Overgrowth LE (Void)

Players

Nerchio - Winner!

  • Race: Zerg Zerg
  • League: Grandmaster
  • Spawn Location: 7:00

llllllllllll (Zest)

  • Race: Protoss Protoss
  • League: Master
  • Spawn Location: 1:00

Event: NationWars IV

VOD

Have the link to the VOD?

Description

Time

  • Played on: Jan. 21, 2017, 4:47 p.m.
  • Length: 9:37

All games in this series

Show
View Real Time Build Order
Export as new Build Order

Nerchio Zerg - Winner!

Build Orders: Hatch First, Zergling Baneling 

Get SALT Encoding   

  12  0:00  Drone  
  13  0:12  Overlord  
  13  0:17  Drone  
  14  0:31  Drone x2  
  14  0:34  Drone  
  17  0:51  Drone  
  18  0:58  Drone  
  18  0:59  Hatchery  
  18  1:06  Extractor  
  17  1:12  Spawning Pool  
  17  1:16  Drone  
  17  1:19  Drone  
  18  1:28  Drone  
  19  1:38  Overlord  
  19  1:50  Drone  
  20  1:58  Queen  
  20  2:01  Zergling x2  
  23  2:05  Metabolic Boost  
  23  2:11  Queen  
  23  2:12  Drone x2  
  27  2:22  Drone x2  
  29  2:34  Hatchery  
  28  2:37  Zergling x2  
  28  2:39  Drone  
  28  2:43  Drone  
  32  2:44  Drone  
  32  2:53  Overlord  
  32  2:56  Drone  
  33  3:04  Spore Crawler  
  32  3:06  Drone x4  
  32  3:11  Queen  
  39  3:13  Drone  
  39  3:16  Overlord  
  39  3:19  Zergling x2  
  40  3:20  Zergling x4  
  40  3:22  Zergling x2  
  43  3:29  Baneling Nest  
  43  3:30  Overlord  
  42  3:36  Zergling x2  
  42  3:38  Zergling x2  
  42  3:39  Zergling x2  
  45  3:47  Zergling x4  
  45  3:48  Zergling x4  
  48  3:49  Zergling x2  
  49  3:57  Zergling x4  
  49  4:00  Zergling x2  
  51  4:04  Queen  
  53  4:12  Baneling x2  
  53  4:13  Baneling x4  
  53  4:16  Zergling x8  
  53  4:18  Baneling  
  53  4:19  Zergling x2  
  54  4:26  Zergling x2  
  54  4:27  Zergling x10  
  54  4:28  Zergling x2  
  54  4:30  Zergling x2  
  61  4:32  Zergling x2  
  57  4:43  Zergling x4  
  57  4:45  Zergling x2  
  58  4:52  Zergling x2  
  58  4:55  Overlord  
  58  4:56  Overlord  
  58  4:59  Baneling x2  
  58  5:06  Baneling x3  
  57  5:07  Zergling x2  
  57  5:08  Zergling x4  
  57  5:12  Zergling x4  
  57  5:14  Zergling x2  
  51  5:23  Zergling x4  
  51  5:25  Zergling x2  
  48  5:35  Drone x2  
  50  5:36  Drone  
  50  5:39  Drone x2  
  50  5:40  Drone  
  50  5:41  Drone  
  55  5:43  Drone  
  55  5:45  Hatchery  
  55  5:46  Drone  
  55  5:48  Drone  
  56  5:50  Drone  
  56  5:52  Drone  
  56  5:55  Drone  
  58  5:57  Drone  
  58  5:58  Drone  
  59  6:04  Evolution Chamber  
  59  6:10  Roach Warren, Drone x2  
  59  6:17  Extractor, Drone x4  
  62  6:20  Overlord  
  62  6:30  Overlord x2  
  62  6:34  Lair  
  62  6:38  Zerg Missile Weapons Level 1  
  62  6:40  Drone x3  
  62  6:41  Extractor  
  62  6:42  Drone  
  62  6:43  Drone x2  
  62  6:45  Overlord  
  67  6:49  Overlord  
  67  6:54  Drone x2  
  67  6:56  Drone x3  
  67  6:57  Extractor  
  67  6:59  Roach  
  73  7:02  Roach  
  73  7:03  Roach  
  73  7:07  Roach x2  
  81  7:10  Roach  
  81  7:13  Roach x2  
  81  7:14  Roach  
  89  7:21  Overlord x2  
  89  7:24  Roach x2  
  93  7:31  Glial Reconstitution  
  93  7:40  Overlord  
  93  7:45  Extractor  
  93  7:46  Extractor, Drone  
  93  7:47  Drone x11  
  102  7:54  Ravager x3  
  102  7:55  Ravager  
  106  8:05  Drone x3, Hydralisk Den  
  107  8:06  Spore Crawler, Drone x6  
  107  8:08  Drone x2  
  107  8:10  Drone  
  107  8:11  Drone  
  118  8:12  Drone  
  118  8:22  Overlord x3  
  118  8:33  Overlord  
  118  8:34  Extractor  
  118  8:35  Overlord  
  118  8:36  Hydralisk  
  118  8:37  Hydralisk x4  
  127  8:44  Hydralisk x3  
  133  8:50  Spore Crawler  
  133  8:51  Queen  
  133  8:54  Hydralisk  
  136  9:01  Roach  
  136  9:02  Roach x5  
  148  9:05  Hydralisk  
  148  9:07  Hydralisk  
  151  9:11  Hydralisk  
  151  9:12  Hydralisk  
  151  9:15  Zergling x2  
  151  9:16  Zergling x8  
Show
View Real Time Build Order
Export as new Build Order

llllllllllll Protoss 

Build Orders: 1 Gate Expand, Oracle Opening, Phoenix Opening 

Get SALT Encoding   

  12  0:01  Probe (Chrono Boost)  
  13  0:11  Probe (Chrono Boost)  
  14  0:19  Pylon  
  14  0:22  Probe (Chrono Boost)  
  15  0:37  Probe (Chrono Boost)  
  15  0:40  Gateway  
  16  0:48  Probe (Chrono Boost)  
  16  0:49  Assimilator  
  17  0:58  Probe (Chrono Boost)  
  18  1:09  Probe (Chrono Boost)  
  19  1:20  Nexus  
  19  1:23  Probe (Chrono Boost)  
  20  1:32  Cybernetics Core  
  20  1:36  Probe (Chrono Boost)  
  21  1:41  Assimilator  
  21  1:46  Probe (Chrono Boost)  
  22  1:50  Pylon  
  22  1:57  Probe (Chrono Boost)  
  23  2:05  Adept  
  24  2:09  Warp Gate  
  24  2:10  Probe (Chrono Boost)  
  26  2:22  Probe (Chrono Boost)  
  27  2:32  Probe (Chrono Boost), Zealot  
  27  2:33  Probe (Chrono Boost)  
  27  2:35  Stargate  
  31  2:43  Probe x2 (Chrono Boost)  
  33  2:54  Mothership Core (Chrono Boost), Probe (Chrono Boost)  
  36  3:04  Probe (Chrono Boost)  
  37  3:12  Probe (Chrono Boost)  
  38  3:15  Probe (Chrono Boost), Oracle  
  42  3:24  Nexus, Probe (Chrono Boost)  
  42  3:27  Pylon  
  43  3:29  Pylon  
  43  3:31  Probe (Chrono Boost)  
  44  3:36  Probe (Chrono Boost)  
  45  3:46  Probe (Chrono Boost)  
  45  3:47  Phoenix  
  44  3:52  Probe (Chrono Boost), Assimilator  
  47  3:56  Assimilator  
  47  4:02  Probe (Chrono Boost)  
  48  4:04  Probe (Chrono Boost)  
  49  4:10  Gateway  
  49  4:12  Gateway  
  48  4:19  Adept  
  48  4:23  Probe (Chrono Boost)  
  52  4:31  Gateway  
  52  4:34  Probe (Chrono Boost), Pylon  
  52  4:35  Probe (Chrono Boost)  
  52  4:36  Pylon, Oracle  
  52  4:41  Pylon x2  
  52  4:49  Probe x2 (Chrono Boost)  
  48  4:56  Gateway  
  49  5:01  Probe x2 (Chrono Boost), Zealot  
  44  5:13  Probe (Chrono Boost), Pylon  
  39  5:17  Adept  
  37  5:23  Sentry x2  
  41  5:30  Probe (Chrono Boost)  
  41  5:31  Probe (Chrono Boost)  
  43  5:42  Probe (Chrono Boost)  
  45  5:43  Probe (Chrono Boost)  
  45  5:54  Sentry x2  
  45  5:55  Sentry  
  53  5:58  Probe x2 (Chrono Boost)  
  53  6:00  Pylon  
  53  6:09  Probe x2 (Chrono Boost)  
  55  6:16  Robotics Facility  
  55  6:19  Probe (Chrono Boost)  
  55  6:22  Probe (Chrono Boost)  
  57  6:30  Probe (Chrono Boost)  
  57  6:32  Probe (Chrono Boost)  
  59  6:40  Probe (Chrono Boost)  
  59  6:43  Probe (Chrono Boost)  
  59  6:46  Gateway  
  61  6:47  Gateway  
  61  6:54  Gateway  
  61  6:57  Probe x2 (Chrono Boost)  
  63  7:05  Sentry  
  63  7:06  Sentry x2  
  63  7:08  Probe (Chrono Boost)  
  70  7:09  Pylon  
  70  7:16  Pylon  
  70  7:28  Probe x2 (Chrono Boost)  
  72  7:30  Pylon  
  72  7:35  Pylon  
  72  7:40  Immortal  
  72  7:44  Nexus  
  76  7:53  Robotics Bay  
  76  7:54  Colossus  
  76  8:02  Sentry  
  76  8:03  Pylon, Sentry  
  76  8:04  Pylon  
  80  8:14  Immortal  
  84  8:28  Robotics Facility  
  84  8:30  Pylon  
  84  8:35  Probe (Chrono Boost)  
  84  8:37  Probe (Chrono Boost)  
  86  8:53  Disruptor  
  86  8:54  Probe (Chrono Boost)  
  88  8:56  Probe (Chrono Boost)  
  91  9:04  Probe (Chrono Boost)  
  91  9:05  Probe (Chrono Boost)  
Tags
 
Add a new tag
Caveats
  • Supply blocks, unpowered buildings, or Contaminate may cause inaccurate times.
  • Supply counts are checked every 10 seconds.